 Dungeon Crawl Stone Soup version 0.20.0 (webtiles) character file.

478741 Eucla the Slayer (level 24, -13/208 HPs)
             Began as a Merfolk Gladiator on May 31, 2017.
             Was a Believer of Makhleb.
             Mangled by a golden dragon (36 damage)
             ... on level 4 of the Depths on June 1, 2017.
             The game lasted 02:04:57 (51055 turns).

Eucla the Slayer (Merfolk Gladiator)               Turns: 51055, Time: 02:04:58

Health: -13/208    AC: 25    Str: 24      XL:     24   Next: 81%
Magic:  39/39      EV: 26    Int: 16 (18) God:    Makhleb [**....]
Gold:   1098       SH:  0    Dex: 30      Spells: 38/48 levels left

rFire    + + +     SeeInvis +   D - +8 glaive of Fyam {elec, *Rage rF+ Int+2}
rCold    + + +     Gourm    .   (shield currently unavailable)
rNeg     + + .     Faith    .   U - +9 chain mail of Springtime {Int+3}
rPois    +         Spirit   .   F - -2 hat of the Alchemist {rElec rPois rF+ rC+ rN+ MR+ rMut rCorr}
rElec    +         Reflect  .   N - scarf {cloud immunity}
rCorr    +         Harm     .   O - +1 pair of gloves "Jahaon Jume" {rC+ Str+3}
rMut     +         Rnd*Rage +   l - +0 pair of boots of the Ban {+Inv rN+ Dex+4}
MR       ++...                  T - amulet of regeneration
Stlth    ..........             P - ring of Traps {rF+ Dex+5}
Regen    0.9/turn               o - ring of Light {Int+5 Dex+2 SInv}
MPRegen  0.3/turn

@: about to teleport, berserk cooldown, slowed, very slow
A: change form in water, swift swim, stealthy swim, horns 1, cold resistance 1
}: 2/15 runes: barnacled, gossamer
a: Minor Destruction, Renounce Religion, Evoke Invisibility


You were on level 4 of the Depths.
You worshipped Makhleb.
Makhleb was pleased with you.
You were full.

You visited 8 branches of the dungeon, and saw 40 of its levels.
You visited the Abyss 1 time.
You also visited: Sewer and Bailey.

You collected 21692 gold pieces.
You spent 8333 gold pieces at shops.
You paid 12261 gold pieces to Gozag.

Inventory:

Hand Weapons
 x - a +2 bardiche of draining
 D - the +8 glaive of Fyam (weapon) {elec, *Rage rF+ Int+2}
   (You found it on level 3 of the Vaults)

   Occasionally, upon striking a foe, it will discharge some electrical energy
   and cause terrible harm.
   It affects your intelligence (+2).
   It protects you from fire.
   It may make you go berserk in combat.
Missiles
 d - 9 throwing nets (quivered)
Armour
 l - the +0 pair of boots of the Ban (worn) {+Inv rN+ Dex+4}
   (You bought it in a shop on level 15 of the Dungeon)

   It affects your dexterity (+4).
   It protects you from negative energy.
   It lets you turn invisible.
 p - a +1 pair of boots
 F - the -2 hat of the Alchemist (worn) {rElec rPois rF+ rC+ rN+ MR+ rMut rCorr}
   (You bought it in a shop on level 1 of the Vaults)

   It protects you from fire.
   It protects you from cold.
   It insulates you from electricity.
   It protects you from poison.
   It protects you from negative energy.
   It affects your resistance to hostile enchantments.
   It protects you from acid and corrosion.
   It protects you from mutation.
 N - a scarf of cloud immunity (worn)
 O - the +1 pair of gloves "Jahaon Jume" (worn) {rC+ Str+3}
   (You bought it in a shop on level 1 of the Vaults)

   It affects your strength (+3).
   It protects you from cold.
 U - the +9 chain mail of Springtime (worn) {Int+3}
   (You bought it in a shop on level 12 of the Dungeon)

   It affects your intelligence (+3).
Jewellery
 o - the ring of Light (right hand) {Int+5 Dex+2 SInv}
   (You bought it in a shop on level 12 of the Dungeon)

   [ring of intelligence]

   It affects your intelligence (+5).
   It affects your dexterity (+2).
   It lets you see invisible.
 P - the ring of Traps (left hand) {rF+ Dex+5}
   (You bought it in a shop on level 12 of the Dungeon)

   [ring of protection from fire]

   It affects your dexterity (+5).
   It protects you from fire.
 T - an amulet of regeneration (around neck)
Wands
 K - a wand of disintegration (17/24)
 Q - a wand of digging (8/24)
Scrolls
 b - a scroll of holy word
 c - 5 scrolls of fear
 k - 21 scrolls of remove curse
 n - a scroll of summoning
 q - a scroll of enchant armour
 t - 8 scrolls of recharging
 u - 3 scrolls of fog
 v - 12 scrolls of magic mapping
 B - a scroll of amnesia
 H - a scroll of silence
 J - 13 scrolls of identify
 W - 2 scrolls of teleportation
Potions
 g - 3 potions of haste
 i - 5 potions of brilliance
 j - a potion of lignification
 m - 11 potions of mutation
 r - 2 potions of agility
 s - 3 potions of cancellation
 z - 6 potions of magic
 A - 11 potions of flight
 C - 12 potions of curing
 L - 3 potions of resistance
 R - 2 potions of invisibility
 S - 3 potions of might
Books
 a - a book of Battle

   Spells                             Type                      Level
   a - Infusion                       Charms                       1
   b - Shroud of Golubria             Charms/Translocation         2
   c - Song of Slaying                Charms                       2
   d - Spectral Weapon                Hexes/Charms                 3
   e - Regeneration                   Charms/Necromancy            3
 h - a book of Spatial Translocations

   Spells                             Type                      Level
   a - Blink                          Translocation                2
   b - Shroud of Golubria             Charms/Translocation         2
   c - Lesser Beckoning               Translocation                3
   d - Gell's Gravitas                Translocation                3
   e - Teleport Other                 Translocation                3
   f - Passage of Golubria            Translocation                4
 w - a book of Minor Magic

   Spells                             Type                      Level
   a - Magic Dart                     Conjuration                  1
   b - Blink                          Translocation                2
   c - Call Imp                       Summoning                    2
   d - Slow                           Hexes                        2
   e - Conjure Flame                  Conjuration/Fire             3
   f - Mephitic Cloud                 Conjuration/Poison/Air       3
 I - a book of Frost

   Spells                             Type                      Level
   a - Freeze                         Ice                          1
   b - Throw Frost                    Conjuration/Ice              2
   c - Ozocubu's Armour               Charms/Ice                   3
   d - Throw Icicle                   Conjuration/Ice              4
   e - Summon Ice Beast               Ice/Summoning                4
Miscellaneous
 e - a box of beasts
 y - a lamp of fire
Comestibles
 f - 16 bread rations


   Skills:
 - Level 21.1 Fighting
 - Level 20.6 Polearms
 - Level 2.0 Throwing
 - Level 16.3 Armour
 - Level 18.9 Dodging
 - Level 12.6 Spellcasting
 - Level 18.5 Charms
 + Level 11.1 Invocations
 - Level 3.2 Evocations


You had 38 spell levels left.
You knew the following spells:

 Your Spells              Type           Power        Failure   Level  Hunger
a - Song of Slaying       Chrm           ######..     1%          2    None
b - Blink                 Tloc           N/A          38%         2    None
c - Spectral Weapon       Hex/Chrm       #####...     1%          3    None
d - Regeneration          Chrm/Necr      #####.....   1%          3    None


Dungeon Overview and Level Annotations

Branches:
Dungeon (15/15)            Temple (1/1) D:6            Lair (6/6) D:10
 Shoals (4/4) Lair:4       Spider (4/4) Lair:2        Slime (0/5) Lair:6
    Orc (2/2) D:12            Elf (0/3) Orc:2        Vaults (4/5) D:13
  Crypt (0/3) Vaults:3     Depths (4/5) D:15

Altars:
Ashenzari
Cheibriados
Dithmenos
Elyvilon
Fedhas
Gozag
Hepliaklqana
Kikubaaqudgha
Makhleb
Nemelex Xobeh
Okawaru
Qazlal
Ru
Sif Muna
Trog
Uskayaw
Vehumet
Xom
Yredelemnul
Zin
The Shining One
Beogh

Shops:
D:7 ?   D:9 (   D:12 [=   D:15 [[   Orc:2 }=*}   Lair:4 (   Vaults:1 :[
Depths:1 *   Depths:2 }==   Depths:3 ?

Portals:
Hell: Lair:6 Depths:1 Depths:2 Depths:3 Depths:4
Abyss: Depths:4
Pandemonium: Depths:3

Annotations:
Lair:6 exclusions: 2 doors and oklob plant
Shoals:2 exclusion: 2 oklob plants
Shoals:4 Ilsuiw
Spider:4 exclusion: 6 doors


Innate Abilities, Weirdness & Mutations

You revert to your normal form in water.
You are very nimble and swift while swimming.
You are very stealthy in the water. (Stealth+)
You have a pair of small horns on your head.
Your flesh is cold resistant. (rC+)


Message History

r - Retreat! s - Stop attacking. g - Guard the area. f - Follow me.
Anything else - Cancel.
Okay, then.
Unknown command.
As you read the scroll of teleportation, it crumbles to dust.
You feel strangely unstable. The golden dragon closely misses you.
The golden dragon claws you but does no damage.
The golden dragon tramples you.
* * * LOW HITPOINT WARNING * * *
You hold your ground!
The golden dragon bites you!
* * * LOW HITPOINT WARNING * * *
The golden dragon claws you!
* * * LOW HITPOINT WARNING * * *
The golden dragon tramples you.
* * * LOW HITPOINT WARNING * * *
You hold your ground!
Unknown command.
The golden dragon bites you!!!
You die...

(.#..#. .#.## .... ......
..... D..###. ....###.....
...... ##.......... ....
#........# #..# #))..#
####..#######().## .#
#).#..#D$#..#..####..##
#....))@.#...........∩.
##......###...(........
.......###........######...
....... #.......(.# ..
.#...#. #$.#...#..######...
#...## ####...............
#.. #..#.........[.....
.... #.........########.
... ###........#


You could see a golden dragon (berserk).

Vanquished Creatures
  Mara (Vaults:3)
  2 juggernauts
  Boris (Vaults:3)
  Sojobo (Vaults:2)
  4 caustic shrikes (Depths:3)
  A golden dragon (Depths:3)
  Arachne (Spider:4)
  3 liches
  A tentacled monstrosity (Depths:4)
  Rupert (D:14)
  Jorgrun (Spider:3)
  The ghost of BarneyGumball the Impaler, an adept CeWr of Okawaru (Shoals:4)
  A tentacled starspawn (Abyss:3)
  A shadow dragon (Depths:4)
  Frances (Shoals:2)
  6 sphinxes
  The ghost of Eucla the Brawler, an adept TrMo of Makhleb (Spider:3)
  A storm dragon (shapeshifter) (Vaults:1)
  3 tengu reavers
  A storm dragon (Depths:2)
  Agnes (D:14)
  Roxanne (Spider:1)
  12 vault wardens
  6 fire giants
  8 frost giants
  5 emperor scorpions
  5 ghost moths
  A deep elf sorcerer (Depths:3)
  An orc warlord (Orc:2)
  A deep elf elementalist (Depths:3)
  Aizul (Depths:2)
  2 iron dragons
  2 balrugs
  A spriggan defender (Depths:3)
  14 ironheart preservers
  A war gargoyle (Vaults:1)
  A caustic shrike skeleton (Depths:3)
  16 very ugly things
  5 entropy weavers
  3 vampire knights
  23 stone giants
  A deep elf demonologist (Vaults:1)
  2 deep elf annihilators (Vaults:4)
  12 spark wasps
  10 ettins
  Snorg (D:12)
  6 merfolk javelineers
  8 merfolk impalers
  10 fire dragons
  20 yaktaur captains
  Josephine (Orc:1)
  Erolcha (Orc:1)
  3 deep elf high priests
  6 great orbs of eyes
  13 vault guards
  2 rakshasas
  2 merfolk avatars (Shoals:4)
  10 hydras
  2 spriggan air magi
  12 ice dragons
  3 merfolk aquamancers
  45 two-headed ogres
  2 death knights
  An alligator snapping turtle (Shoals:2)
  15 centaur warriors
  18 ogre magi
  6 tengu warriors
  4 satyrs
  7 deep troll shamans
  4 orc high priests (Orc:2)
  3 vampire magi
  10 deep troll earth magi
  A titan zombie (Depths:4)
  8 spriggan berserkers
  The ghost of loopi the Protected, a novice GrBe of Trog (D:13)
  Sonja (Orc:2)
  A spriggan (Depths:4)
  A storm dragon zombie (Vaults:4)
  4 sun demons
  A wretched star (Abyss:2)
  An iron troll (Depths:2)
  A shadow wraith (Vaults:4)
  3 spatial maelstroms
  A sixfirhy (Abyss:3)
  A golden dragon zombie (Depths:3)
  6 deep elf knights
  14 sea snakes
  4 hell knights
  A skeletal warrior (Vaults:2)
  4 glowing orange brains
  A storm dragon skeleton (Vaults:2)
  22 deep trolls
  3 unseen horrors
  3 flayed ghosts
  A torturous demonspawn (Depths:3)
  6 deep elf archers
  A wolf spider zombie (D:15)
  A tengu zombie (Vaults:4)
  A shadow dragon zombie (Depths:3)
  4 wizards
  4 phantasmal warriors
  18 orc knights
  9 harpies
  15 ironbrand convokers
  An orb spider (shapeshifter) (D:14)
  11 necromancers
  A wolf spider (shapeshifter) (Depths:3)
  A faun (shapeshifter) (Depths:3)
  10 orc sorcerers
  17 wolf spiders
  63 ugly things
  A cyclops (shapeshifter) (Vaults:4)
  A frost giant zombie (Depths:4)
  13 deep elf magi
  8 fauns
  23 orb spiders
  17 cyclopes
  A stone giant zombie (Vaults:2)
  A fire giant zombie (Depths:3)
  2 human zombies (Vaults:2)
  12 manticores
  An oklob plant (Lair:6)
  Maurice (D:12)
  An elephant (shapeshifter) (Depths:4)
  An apocalypse crab (Abyss:3)
  A black mamba (shapeshifter) (Vaults:1)
  10 merfolk sirens
  A guardian serpent (shapeshifter) (Depths:1)
  A centaur zombie (D:13)
  11 elephants
  11 vault sentinels
  7 water nymphs
  A frost giant skeleton (Vaults:4)
  A rust devil (Depths:3)
  4 moths of wrath
  An orange demon (Lair:6)
  A torpor snail (Spider:1)
  2 black mambas
  A naga mage (Depths:1)
  16 spiny frogs
  2 elf skeletons
  A smoke demon (Abyss:2)
  A titan simulacrum (Vaults:4)
  3 rime drakes
  5 spectral swamp worms (Depths:3)
  2 gargoyles
  A spriggan skeleton (Depths:3)
  84 yaktaurs
  A tormentor (Abyss:2)
  3 komodo dragons
  3 hellwings
  2 tengu conjurers
  16 demonic crawlers
  2 kobold demonologists (D:13)
  4 ice devils
  7 trolls
  2 wind drakes
  17 merfolk
  A red devil (Lair:6)
  2 freezing wraiths
  27 jumping spiders
  A queen bee (Spider:3)
  11 hornets
  A merfolk (shapeshifter) (Depths:4)
  A meliai (shapeshifter) (Vaults:3)
  6 meliai
  5 dream sheep
  15 hippogriffs
  12 snapping turtles
  21 slime creatures
  20 blink frogs
  A snapping turtle (shapeshifter) (Depths:1)
  A frost giant simulacrum (Vaults:2)
  3 raiju (Abyss:2)
  3 starcursed masses (Abyss:3)
  2 spriggans (shapeshifter)
  6 air elementals
  31 tarantellas
  Sigmund (D:2)
  A ynoxinul (Abyss:3)
  An ettin skeleton (Vaults:4)
  6 large abominations
  A yak (shapeshifter) (Abyss:2)
  48 redbacks
  Eustachio (D:4)
  2 vampires
  5 wyverns
  8 water elementals
  5 wraiths
  28 yaks
  A basilisk (Lair:2)
  18 humans (D:13)
  2 hungry ghosts
  A yaktaur simulacrum (Vaults:2)
  A chaos spawn (Depths:3)
  A steam dragon (Lair:2)
  3 vampire mosquitoes (D:13)
  3 insubstantial wisps (Abyss:3)
  A steam dragon (shapeshifter) (Vaults:1)
  4 spatial vortices (Abyss:3)
  6 wargs
  3 nagas (Depths:1)
  6 acid dragons
  A soldier ant (D:13)
  5 hell hounds (Lair:6)
  19 water moccasins
  A floating eye (Depths:4)
  9 porcupines
  6 ice beasts
  A spectral hornet (D:14)
  6 sky beasts
  A hornet zombie (D:10)
  43 orc warriors
  3 black bears
  An eye of draining (D:9)
  A necrophage (D:9)
  43 ogres
  7 boggarts
  14 wolves
  17 centaurs
  A phantom (D:10)
  6 big kobolds
  A big kobold (shapeshifter) (Vaults:3)
  11 crocodiles
  13 bullfrogs
  5 small abominations
  8 scorpions
  15 killer bees
  A howler monkey (D:9)
  15 wights
  An electric eel (Lair:1)
  4 crimson imps
  5 quasits
  4 bullfrog zombies
  7 human simulacra
  3 jellies
  32 orc priests
  6 centaur skeletons
  5 hounds
  An iron imp (Depths:3)
  18 orc wizards
  9 worker ants
  7 iguanas
  A hound skeleton (D:8)
  2 worker ant zombies
  A howler monkey zombie (D:4)
  16 gnolls
  A howler monkey skeleton (D:5)
  18 adders
  8 shadow imps
  3 white imps
  An ufetubus (Depths:3)
  3 oozes
  4 worms
  6 dart slugs
  5 leopard geckos
  101 orcs
  2 giant cockroaches
  15 goblins
  22 hobgoblins
  5 jackals (D:1)
  2 quokkas
  4 ball pythons (Sewer)
  10 bats
  5 frilled lizards
  24 kobolds
  A quokka zombie (D:7)
  8 rats
  4 plants
  2 starspawn tentacles
1895 creatures vanquished.

Vanquished Creatures (collateral kills)
  3 two-headed ogres (Vaults:2)
  3 ogres (Vaults:2)
6 creatures vanquished.

Vanquished Creatures (others)
  A two-headed ogre (Vaults:4)
  A hell knight (Depths:2)
  A shadow wraith (Vaults:3)
  A wizard (Vaults:1)
  A merfolk (Shoals:4)
  A boggart (Vaults:3)
  An orc priest (D:6)
  An orc wizard (Orc:2)
  10 orcs
  24 fungi
  36 plants
  2 spectral weapons (Vaults:2)
  7 starspawn tentacles
87 creatures vanquished.

Grand Total: 1988 creatures vanquished

Notes
Turn   | Place    | Note
-------+----------+-------------------------------------------
     0 | D:1      | Eucla the Merfolk Gladiator began the quest for the Orb.
     0 | D:1      | Reached XP level 1. HP: 16/16 MP: 1/1
    52 | D:1      | Reached skill level 5 in Polearms
    55 | D:1      | Reached XP level 2. HP: 21/22 MP: 2/2
   383 | D:1      | Reached XP level 3. HP: 24/27 MP: 3/3
   756 | D:2      | Noticed Sigmund
   757 | D:2      | Gained mutation: Your flesh is cold resistant. (rC+) [potion of mutation]
   757 | D:2      | Gained mutation: You have a pair of small horns on your head. [potion of mutation]
   768 | D:2      | Killed Sigmund
   768 | D:2      | Reached XP level 4. HP: 33/33 MP: 4/4
   768 | D:2      | Reached XP level 5. HP: 38/38 MP: 5/5
  1228 | D:2      | Reached XP level 6. HP: 32/44 MP: 6/6
  2048 | D:4      | Reached skill level 10 in Polearms
  2194 | D:4      | Noticed Eustachio
  2210 | D:4      | Killed Eustachio
  2210 | D:4      | Reached XP level 7. HP: 50/50 MP: 7/7
  2646 | D:5      | Entered Level 5 of the Dungeon
  2715 | D:5      | Found a glowing drain.
  2761 | Sewer    | Entered a sewer
  2873 | Sewer    | Reached XP level 8. HP: 36/56 MP: 8/8
  3835 | D:6      | Reached skill level 3 in Fighting
  3856 | D:6      | Found a staircase to the Ecumenical Temple.
  3997 | Temple   | Entered the Ecumenical Temple
  4229 | Temple   | Became a worshipper of Gozag Ym Sagoz the Greedy
  4344 | D:6      | Reached skill level 4 in Fighting
  4557 | D:6      | Noticed a yak
  4558 | D:6      | Noticed a yak
  4558 | D:6      | Noticed a yak
  4558 | D:6      | Noticed a yak
  4559 | D:6      | Noticed a yak
  4574 | D:6      | Killed a yak
  4574 | D:6      | Reached skill level 5 in Fighting
  4574 | D:6      | Reached XP level 9. HP: 62/69 MP: 9/9
  4575 | D:6      | Reached skill level 6 in Fighting
  4579 | D:6      | Reached skill level 7 in Fighting
  4591 | D:6      | Reached skill level 8 in Fighting
  5399 | D:7      | Reached skill level 9 in Fighting
  5482 | D:7      | Found Ogrea's Magic Scroll Boutique.
  5727 | D:7      | Learned a level 3 spell: Ozocubu's Armour
  5855 | D:8      | Noticed a two-headed ogre
  5874 | D:8      | Killed a two-headed ogre
  5874 | D:8      | Reached skill level 11 in Fighting
  5874 | D:8      | Reached XP level 10. HP: 60/87 MP: 10/10
  6323 | D:8      | Found a stormy altar of Qazlal.
  6326 | D:8      | Found a blossoming altar of Fedhas.
  6328 | D:8      | Found a shimmering altar of Xom.
  7006 | D:9      | Found Xuinte Ginn's Weapon Boutique.
  7092 | D:9      | Noticed a two-headed ogre
  7097 | D:9      | Killed a two-headed ogre
  7097 | D:9      | Reached skill level 15 in Polearms
  7545 | D:10     | Entered Level 10 of the Dungeon
  7633 | D:10     | Found a flagged portal.
  7669 | Bailey   | Entered a bailey
  8048 | Bailey   | Noticed an orc knight
  8093 | Bailey   | Killed an orc knight
  8397 | D:10     | Reached XP level 11. HP: 95/95 MP: 11/11
  8400 | D:10     | Found a staircase to the Lair.
  8536 | D:10     | Noticed a tengu warrior
  8552 | D:10     | Killed a tengu warrior
  8665 | D:10     | Noticed an orc knight
  8684 | D:10     | Killed an orc knight
  9738 | D:11     | Noticed a purple ugly thing
  9744 | D:11     | Killed a purple ugly thing
  9948 | D:11     | Noticed a deep elf mage
  9951 | D:11     | Killed a deep elf mage
 10059 | D:12     | Noticed Maurice
 10073 | D:12     | Killed Maurice
 10103 | D:12     | Noticed a cyclops
 10389 | D:12     | Noticed Snorg
 10397 | D:12     | Killed Snorg
 10416 | D:12     | Noticed a cyclops
 10418 | D:12     | Noticed a two-headed ogre
 10429 | D:12     | Killed a two-headed ogre
 10429 | D:12     | Reached XP level 12. HP: 50/101 MP: 6/12
 10769 | D:12     | Found Ifiydgh's Armour Boutique.
 10772 | D:12     | Bought the +9 chain mail of Springtime {Int+3} for 753 gold pieces
 10921 | D:12     | Reached skill level 1 in Armour
 10927 | D:12     | Found a staircase to the Orcish Mines.
 10992 | D:12     | Reached skill level 5 in Armour
 10992 | D:12     | Reached XP level 13. HP: 107/107 MP: 13/13
 11059 | Lair:1   | Entered Level 1 of the Lair of Beasts
 11284 | Lair:1   | You fall through a shaft!
 12132 | Lair:2   | Found a hole to the Spider Nest.
 12858 | Lair:3   | Reached skill level 10 in Dodging
 13455 | Lair:4   | You fall through a shaft for 2 floors!
 13455 | Lair:6   | Entered Level 6 of the Lair of Beasts
 13581 | Lair:6   | Found a staircase to the Slime Pits.
 13847 | Lair:5   | Reached XP level 14. HP: 69/114 MP: 14/14
 14771 | Lair:4   | Found a staircase to the Shoals.
 16008 | Lair:6   | Reached skill level 10 in Armour
 16010 | Lair:6   | Found a burning altar of Makhleb.
 16886 | Lair:6   | Found a gateway to Hell.
 17447 | D:13     | Reached XP level 15. HP: 108/120 MP: 15/15
 17518 | D:13     | Noticed loopi's ghost (novice GrBe)
 17545 | D:13     | Killed loopi's ghost
 17854 | D:13     | Found a gate to the Vaults.
 18474 | D:14     | Noticed Agnes
 18484 | D:14     | Killed Agnes
 18990 | D:14     | Noticed Rupert
 18991 | D:14     | Paralysed by Rupert for 4 turns
 19166 | D:14     | Killed Rupert
 19616 | D:15     | Entered Level 15 of the Dungeon
 19740 | D:15     | Bought the +0 pair of boots of the Ban {+Inv rN+ Dex+4} for 466 gold pieces
 19808 | D:15     | Reached skill level 15 in Dodging
 19903 | D:15     | Reached XP level 16. HP: 114/127 MP: 16/16
 20082 | D:15     | Found a shimmering altar of Xom.
 20466 | D:15     | Found a staircase to the Depths.
 20468 | D:15     | Bought a pair of runed gloves for 180 gold pieces
 20559 | Orc:1    | Entered Level 1 of the Orcish Mines
 20840 | Orc:2    | Entered Level 2 of the Orcish Mines
 20840 | Orc:2    | Noticed Josephine
 20851 | Orc:2    | Noticed Sonja
 20862 | Orc:1    | Killed Josephine
 20981 | Orc:2    | Killed Sonja
 21341 | Orc:2    | Found a roughly hewn altar of Beogh.
 21427 | Orc:2    | Found Maixon's Gadget Emporium.
 21445 | Orc:2    | Found Qeuge's Jewellery Shoppe.
 22383 | Orc:2    | Found a roughly hewn altar of Beogh.
 22411 | Orc:2    | Found Hunaoph's Assorted Antiques.
 22451 | Orc:2    | Bought a pair of runed gloves for 142 gold pieces
 22589 | Orc:2    | Found Coesog's Gadget Boutique.
 22746 | Orc:2    | Identified Gujetafo's Papyrus of Poison and Unholy Rites
 22844 | Orc:2    | Found a staircase to the Elven Halls.
 23010 | Orc:1    | Noticed Erolcha
 23017 | Orc:1    | Killed Erolcha
 23135 | D:12     | Bought the ring of Traps {rF+ Dex+5} for 595 gold pieces
 23270 | Shoals:1 | Entered Level 1 of the Shoals
 23653 | Shoals:1 | Identified the Compendium of Congealing Moulding
 24134 | Shoals:2 | Noticed Frances
 24147 | Shoals:2 | Killed Frances
 24576 | Shoals:2 | Reached XP level 17. HP: 112/133 MP: 17/17
 25503 | Shoals:3 | Learned a level 2 spell: Blink
 25507 | Shoals:3 | Learned a level 3 spell: Spectral Weapon
 25511 | Shoals:3 | Learned a level 3 spell: Regeneration
 25862 | Shoals:3 | Reached skill level 15 in Armour
 26015 | Shoals:4 | Entered Level 4 of the Shoals
 26329 | Shoals:4 | Noticed BarneyGumball's ghost (adept CeWr)
 26426 | Shoals:4 | Killed BarneyGumball's ghost
 27313 | Shoals:4 | Noticed Ilsuiw
 28470 | Shoals:4 | Got a barnacled rune of Zot
 28512 | Shoals:4 | Got a scintillating jade ring
 28567 | Shoals:4 | Reached XP level 18. HP: 131/139 MP: 18/18
 28569 | Shoals:4 | Got a sparkling copper amulet
 28766 | Spider:1 | Entered Level 1 of the Spider Nest
 28873 | Spider:1 | Identified the ring of Hiqytum {+Fly rF+ Int+3} (You took it off a merfolk javelineer on level 4 of the Shoals)
 28874 | Spider:1 | Identified the amulet "Taciduk" {RegenMP rF- rC+ MR+} (You took it off a merfolk aquamancer on level 4 of the Shoals)
 29204 | Spider:1 | Noticed Roxanne
 29250 | Spider:1 | Killed Roxanne
 29251 | Spider:1 | Identified Roxanne's Compendium of Transmutation (You took it off Roxanne on level 1 of the Spider Nest)
 29706 | Spider:1 | Got a faintly humming chain mail
 29717 | Spider:1 | Identified the +1 chain mail of the Wary Hells {rPois rF+ Int-3} (You found it on level 1 of the Spider Nest)
 29911 | Spider:2 | Reached skill level 1 in Charms
 30231 | Spider:2 | Reached skill level 1 in Spellcasting
 30522 | Spider:3 | Reached skill level 12 in Fighting
 30842 | Spider:3 | Noticed Jorgrun
 30855 | Spider:3 | Killed Jorgrun
 31017 | Spider:3 | Noticed Eucla's ghost (adept TrMo)
 31039 | Spider:3 | Killed Eucla's ghost
 31148 | Spider:4 | Entered Level 4 of the Spider Nest
 32020 | Spider:4 | Reached skill level 5 in Charms
 32414 | Spider:3 | HP: 7/142 [poisoned by a redback]
 32784 | Spider:4 | Reached skill level 13 in Fighting
 32847 | Spider:4 | Reached XP level 19. HP: 51/149 MP: 26/26
 33011 | Spider:4 | Noticed Arachne
 33054 | Spider:4 | Killed Arachne
 33054 | Spider:4 | Reached skill level 5 in Spellcasting
 33640 | Spider:4 | Got a gossamer rune of Zot
 33991 | Vaults:1 | Entered Level 1 of the Vaults
 34760 | Vaults:1 | Cast into level 2 of the Abyss (a deep elf demonologist)
 34974 | Abyss:2  | Paralysed by accursed screaming for 1 turns
 34984 | Abyss:2  | Found a corrupted altar of Lugonu.
 35142 | Abyss:3  | Reached skill level 14 in Fighting
 35372 | Vaults:1 | Escaped the Abyss
 35377 | Vaults:1 | Noticed a Hell Sentinel
 35803 | Vaults:1 | Reached XP level 20. HP: 110/160 MP: 32/32
 35934 | Vaults:1 | Found Guuwin's Book Emporium.
 36040 | Vaults:1 | Reached skill level 10 in Charms
 36044 | Vaults:1 | Reached skill level 15 in Fighting
 36645 | Vaults:1 | Bought the -2 hat of the Alchemist {rElec rPois rF+ rC+ rN+ MR+ rMut rCorr} for 2124 gold pieces
 36656 | Vaults:1 | Bought a faintly humming plate armour for 1260 gold pieces
 36656 | Vaults:1 | Bought a pair of bloodstained gloves for 427 gold pieces
 36666 | Vaults:1 | Identified the +5 plate armour "Beup" {+Blink rN+ Str-3} (You bought it in a shop on level 1 of the Vaults)
 36686 | Vaults:1 | Identified the +1 pair of gloves "Jahaon Jume" {rC+ Str+3} (You bought it in a shop on level 1 of the Vaults)
 36705 | Vaults:2 | Noticed Sojobo
 36724 | Vaults:2 | Killed Sojobo
 37074 | Vaults:2 | Noticed Mara
 37084 | Vaults:2 | Noticed Eucla's illusion
 37435 | Vaults:2 | Reached skill level 10 in Spellcasting
 37516 | Vaults:2 | HP: 4/164 [vault guard/enchanted great sword[a vault warden] (13)]
 37788 | Vaults:2 | Reached skill level 16 in Fighting
 37934 | Vaults:2 | Reached XP level 21. HP: 171/171 MP: 35/35
 38612 | Vaults:3 | Noticed Boris
 38647 | Vaults:3 | Killed Boris
 39056 | Vaults:3 | Found a staircase to the Crypt.
 39418 | Vaults:3 | Noticed Eucla's illusion
 39424 | Vaults:3 | Killed Mara
 39609 | Vaults:3 | Reached skill level 17 in Fighting
 40098 | Vaults:3 | Got a fine glaive
 40099 | Vaults:3 | Identified the +8 glaive of Fyam {elec, *Rage rF+ Int+2} (You found it on level 3 of the Vaults)
 40682 | Vaults:4 | Learned a level 2 spell: Song of Slaying
 40839 | Vaults:4 | Reached XP level 22. HP: 88/182 MP: 38/38
 41888 | Vaults:4 | Reached skill level 18 in Fighting
 42318 | Depths:1 | Entered Level 1 of the Depths
 42374 | Depths:1 | You fall through a shaft!
 42612 | Depths:2 | Reached skill level 15 in Charms
 43082 | Depths:2 | Noticed a juggernaut
 43091 | Depths:2 | Killed a juggernaut
 43195 | Depths:2 | Noticed Aizul
 43226 | Depths:2 | Killed Aizul
 43472 | Depths:2 | Reached skill level 19 in Fighting
 43609 | Depths:2 | Found Jissuin's Gadget Shoppe.
 43609 | Depths:2 | Found Ugodell's Jewellery Shop.
 43610 | Depths:2 | Found Hukhilaz's Jewellery Shop.
 43907 | Depths:2 | Reached XP level 23. HP: 177/194 MP: 39/39
 44359 | Depths:1 | Found Qiem's Serpentskin Sales.
 45217 | D:12     | Bought the ring of Light {Int+5 Dex+2 SInv} for 792 gold pieces
 45625 | Depths:3 | Reached skill level 20 in Fighting
 46404 | Depths:3 | Noticed a caustic shrike
 46409 | Depths:3 | Noticed a caustic shrike
 46410 | Depths:3 | Noticed a caustic shrike
 46412 | Depths:3 | Noticed a caustic shrike
 46432 | Depths:3 | Killed a caustic shrike
 46444 | Depths:3 | Killed a caustic shrike
 46838 | Depths:3 | Found a one-way gate leading to the halls of Pandemonium.
 46891 | Depths:3 | Killed a caustic shrike
 46991 | Depths:3 | Killed a caustic shrike
 47347 | Depths:3 | Noticed a golden dragon
 47362 | Depths:3 | Killed a golden dragon
 47362 | Depths:3 | Reached XP level 24. HP: 202/206 MP: 32/39
 47381 | Depths:3 | Got a smoking wooden ring
 47446 | Depths:3 | Reached skill level 21 in Fighting
 47828 | Depths:3 | Reached skill level 1 in Evocations
 47969 | Depths:3 | Bought a scroll of enchant armour for 157 gold pieces
 47969 | Depths:3 | Bought a scroll of enchant weapon for 157 gold pieces
 47969 | Depths:3 | Bought a scroll of teleportation for 63 gold pieces
 47969 | Depths:3 | Bought a scroll of teleportation for 63 gold pieces
 47969 | Depths:3 | Bought a scroll of summoning for 199 gold pieces
 47969 | Depths:3 | Bought a scroll of magic mapping for 73 gold pieces
 47969 | Depths:3 | Bought 2 scrolls of brand weapon for 840 gold pieces
 47969 | Depths:3 | Bought a scroll of identify for 42 gold pieces
 47979 | Depths:3 | Identified the ring "Tasoi" {Fire *Drain Dex+7} (You found it on level 3 of the Depths)
 48330 | Temple   | Fell from the grace of Gozag
 48330 | Temple   | Became a worshipper of Makhleb the Destroyer
 48630 | Depths:4 | Reached skill level 1 in Invocations
 48635 | Depths:4 | Noticed a juggernaut
 48645 | Depths:4 | Killed a juggernaut
 48953 | Depths:4 | Paralysed by an ogre mage for 6 turns
 48959 | Depths:4 | HP: 7/208 [two-headed ogre/giant club (7)]
 48959 | Depths:4 | HP: 2/208 [two-headed ogre/giant club (4)]
 49007 | Depths:4 | Reached skill level 5 in Invocations
 49429 | Depths:4 | Reached * piety under Makhleb
 50124 | Depths:4 | Paralysed by a floating eye for 3 turns
 50133 | Depths:4 | Paralysed by a floating eye for 2 turns
 50372 | Depths:3 | HP: 10/208 [red very ugly thing (9)]
 50388 | Depths:3 | HP: 14/312 [ice dragon (6)]
 50885 | Depths:4 | Reached skill level 10 in Invocations
 50888 | Depths:4 | Reached ** piety under Makhleb
 50966 | Depths:4 | Found a one-way gate to the infinite horrors of the Abyss.
 51055 | Depths:4 | Mangled by a golden dragon

Skill      XL: |  1  2  3  4  5  6  7  8  9 10 11 12 13 14 15 16 17 18 19 20 21 22 23 24 |
---------------+-------------------------------------------------------------------------+-----
Polearms       | 5 9 10 12 14 16 20 | 20.6
Fighting       | 5 11 13 14 16 17 19 20 21 | 21.1
Armour         | 5 8 10 12 14 15 16 | 16.3
Dodging        | 7 10 13 15 16 18 | 18.9
Charms         | 5 9 11 14 16 18 | 18.5
Spellcasting   | 4 8 10 12 | 12.6
Evocations     | 3 |  3.2
Invocations    | 11 | 11.1
Throwing       | |  2.0

Action                   |  1- 3 |  4- 6 |  7- 9 | 10-12 | 13-15 | 16-18 | 19-21 | 22-24 || total
-------------------------+-------+-------+-------+-------+-------+-------+-------+-------++-------
Melee: Trident           |    90 |   125 |   361 |    65 |       |       |       |       ||   641
       Headbutt          |     2 |    20 |    71 |    71 |   202 |   457 |   539 |   499 ||  1861
       Tailslap          |       |       |     1 |       |     7 |    50 |       |     5 ||    63
       Glaive            |       |       |       |   397 |  1015 |  1952 |  1658 |  1474 ||  6496
 Cast: Spectral Weapon   |       |       |       |       |       |       |     3 |     2 ||     5
       Regeneration      |       |       |       |       |       |       |     1 |     3 ||     4
       Song of Slaying   |       |       |       |       |       |       |       |     3 ||     3
Invok: Potion Petition   |       |       |     1 |       |     1 |       |     7 |     3 ||    12
       Call Merchant     |       |       |       |       |     1 |     3 |     1 |     1 ||     6
Evoke: Wand              |       |       |     1 |     2 |       |     2 |       |     2 ||     7
  Use: Potion            |     2 |       |     4 |     8 |     3 |     7 |    10 |    10 ||    44
       Scroll            |       |       |     2 |    25 |    18 |    22 |    14 |    12 ||    93
 Stab: Distracted        |       |       |     2 |     2 |    11 |    26 |    30 |    14 ||    85
       Held in net/web   |       |       |       |       |       |     1 |       |       ||     1
       Invisible         |       |       |       |       |       |       |       |     8 ||     8
  Eat: Chunk             |       |     4 |     4 |       |       |       |       |       ||     8
       Meat ration       |       |       |     2 |     3 |     3 |     5 |     1 |     4 ||    18
       Royal jelly       |       |       |       |     1 |     3 |     3 |     2 |     5 ||    14
       Fruit             |       |       |       |       |    16 |    13 |    14 |     8 ||    51
       Bread ration      |       |       |       |       |       |       |       |     1 ||     1
Armor: Leather armour    |    16 |       |       |       |       |       |       |       ||    16
       Ring mail         |     1 |    17 |    57 |    74 |       |       |       |       ||   149
       Chain mail        |       |       |       |     4 |   357 |   469 |   441 |   342 ||  1613
Dodge: Dodged            |    58 |    43 |   150 |   180 |   535 |  1454 |  1232 |  1098 ||  4750
